 Dungeon Crawl Stone Soup version 0.31-a0-662-g684573625c (webtiles) character file.

Game seed: 14093331110107429921

15 erloom the Shooter (level 2, 15/15 HPs)
             Began as a Spriggan Hunter on July 4, 2023.
             Quit the game on level 1 of the Dungeon on Sept 1, 2023.
             The game lasted 00:02:36 (393 turns).

erloom the Shooter (Spriggan Hunter)                 Turns: 393, Time: 00:02:37

Health: 15/15      AC:  2    Str:  7    XL:     2   Next: 34%
Magic:  3/3        EV: 18    Int: 10    God:
Gold:   38         SH:  0    Dex: 18    Spells: 1/1 levels left

rFire   . . .        a - +0 shortbow
rCold   . . .        (shield currently unavailable)
rNeg    . . .        c - +0 robe
rPois   .            (helmet restricted)
rElec   .            (no cloak)
rCorr   .            (gloves unavailable)
SInv    +            (boots unavailable)
Will    .....        (no amulet)
Stlth   ++           (no ring)
HPRegen 0.22/turn    (no ring)
MPRegen 0.08/turn

%: no passive effects
@: very quick
A: very small, no large weapons, unfitting armour, see invisible, speed 3
a: no special abilities


You were on level 1 of the Dungeon.
You visited 1 branch of the dungeon, and saw 1 of its levels.

You collected 38 gold pieces.

Inventory:

Hand Weapons
 a - a +0 shortbow (weapon)
 f - a +0 sling
 g - a +0 dagger
 h - a +0 short sword
Armour
 c - a +0 robe (worn)
Scrolls
 b - a scroll of butterflies
 d - a scroll of identify {unknown}
 i - a scroll of enchant armour {unknown}
Potions
 e - a potion of brilliance {unknown}


   Skills:
 - Level 1.6 Fighting
 + Level 4.4 Ranged Weapons
 - Level 2.8 Dodging
 - Level 1.8 Stealth


You had one spell level left.
You didn't know any spells.
Your spell library was empty.

Dungeon Overview and Level Annotations

Branches:
Dungeon (1/15)

Altars:


Innate Abilities, Weirdness & Mutations

You are very small and have problems with some larger weapons.
You are too small for most types of armour.
You have supernaturally acute eyesight. (SInv)
You cover ground extremely quickly. (Speed+++)


Message History

Press: ? - help, Q - select action Shift-Dir - straight line, f - quokka
Aim: a quokka (53% to hit)
You shoot an arrow. The arrow closely misses the quokka.
Fire: a) +0 shortbow
Press: ? - help, Q - select action Shift-Dir - straight line, f/p - quokka
Aim: a quokka (53% to hit)
You shoot an arrow. The arrow closely misses the quokka.
Fire: a) +0 shortbow
Press: ? - help, Q - select action Shift-Dir - straight line, f/p - quokka
Aim: a quokka (53% to hit)
You shoot an arrow. The arrow hits the quokka.
The quokka is severely wounded.
The quokka barely misses you.
Fire: a) +0 shortbow
Press: ? - help, Q - select action Shift-Dir - straight line, f/p - quokka
Aim: a quokka (severely wounded, 53% to hit)
You shoot an arrow. The arrow hits the quokka.
You kill the quokka!
You are now empty-handed.
a - a +0 shortbow (weapon)
You are now empty-handed.
a - a +0 shortbow (weapon)
You are now empty-handed.
a - a +0 shortbow (weapon)
Things that are here:
a +0 short sword; 2 stones
h - a +0 short sword Adjust to which letter? (? for menu, Esc to quit)
Okay, then.
You see here 2 stones.
You are now empty-handed.
a - a +0 shortbow (weapon)
You see here a quokka corpse.
Found a leather armour.
There is a stone staircase leading down here.
i - a scroll labelled WYQUGO UTHEAHY Saving game... please wait.
Welcome back, erloom the Spriggan Hunter.
Press ? for a list of commands and other information.
Are you sure you want to abandon this character and quit the game? (Confirm with "yes".)

#........# ##...#...##
#.....########.....#.[##
.#.#.........##.#.#.#..##
...#.........#.###.......
#.........####..##
##.##.## ##.####...#...>##
##...## #........#.##..##
##(.....
#######..#.##.#.###†....##
#..@...[...#......#
#.##.#......#.#####
#.##........#.# #.
#........#.#
#.#............
#.#.#..........
#...............
.#........... ##.........


There were no monsters in sight!

Vanquished Creatures
  A bat (D:1)
  3 endoplasms (D:1)
  A giant cockroach (D:1)
  A goblin (D:1)
  A hobgoblin (D:1)
  A kobold (D:1)
  2 quokkas (D:1)
  A ball python (D:1)
  A rat (D:1)
12 creatures vanquished.

Notes
Turn   | Place    | Note
-------+----------+-------------------------------------------
     0 | D:1      | erloom the Spriggan Hunter began the quest for the Orb.
     0 | D:1      | Reached XP level 1. HP: 10/10 MP: 2/2
   213 | D:1      | Reached XP level 2. HP: 15/15 MP: 3/3
   393 | D:1      | Upgraded the game from 0.31-a0-221-gbddc013574 to
                  | 0.31-a0-662-g684573625c
   393 | D:1      | Quit the game

Illustrated notes

Levels and vault maps discovered:
D:1:      wheals_arrival_shading, layout_loops_cross

Action                     || total
---------------------------++-------
   Fire: Shortbow          ||    34
  Dodge: Dodged            ||    11

Table legend: (Time is in decaauts)
 A = Elapsed time spent in this place.
 B = Non-inter-level travel time spent in this place.
 C = Inter-level travel time spent in this place.
 D = Time resting spent in this place.
 E = Time spent auto-exploring this place.
 F = Levels seen in this place.
 G = Mean time per level.
                   A        B        C        D        E       F      G
               +--------+--------+--------+--------+--------+-----+--------+
         Total |    258 |    258 |      0 |      0 |    170 |   1 |  258.0 |
       Dungeon |    258 |    258 |      0 |      0 |    170 |   1 |  258.0 |
               +--------+--------+--------+--------+--------+-----+--------+

Top non-repeatable levels by time:
     D:1: 258 daAuts
